Edmonton Oilers vs Chicago Black Hawks (R1)

Created - Friday, January 23, 2026 at 08:07

Goals
1 2 3 T
Edmonton Oilers 3 1 2 6
Chicago Black Hawks 1 1 0 2
Shots
1 2 3 T
Edmonton Oilers 11 11 11 33
Chicago Black Hawks 12 9 11 32

1st period

1. Chicago Black Hawks , Leo Carlsson 8 (Lucas Raymond 9) at 2:50
2. Edmonton Oilers , Connor McMichael 3 (Brock Boeser 5, Boone Jenner 3) at 5:57
3. Edmonton Oilers , Ryan McLeod 4 (Adrian Kempe 9, Kirill Marchenko 4) at 8:40
4. Edmonton Oilers , Evan Bouchard 1 (Dylan Holloway 5, Dawson Mercer 3) at 15:09

Penalties :
Zachary Werenski (CHI) for High sticking (Minor) at 0:41, Scott Mayfield (EDM) for Tripping (Minor) at 17:47

2nd period

5. Edmonton Oilers , Connor McMichael 4 (Brock Boeser 6) at 4:41
6. Chicago Black Hawks , Oliver Bjorkstrand 6 (Barrett Hayton 8, Trevor Zegras 5) at 16:23 (PP)

Penalties :
Brent Burns (CHI) for Hooking (Minor) at 0:36, Connor McMichael (EDM) for Holding (Minor) at 8:10, Adrian Kempe (EDM) for Cross-checking (Minor) at 11:15, Jacob Trouba (EDM) for Tripping (Minor) at 15:00, David Savard (EDM) for Cross-checking (Minor) at 16:43

3rd period

7. Edmonton Oilers , Dylan Holloway 5 (Troy Stecher 2) at 5:16
8. Edmonton Oilers , Dawson Mercer 4 (Dylan Holloway 6) at 6:29

Penalties :
Adrian Kempe (EDM) for Interference (Minor) at 10:12, Evan Bouchard (EDM) for Tripping (Minor) at 17:11

Goalie Stats

Karel Vejmelka (EDM), 30 saves from 32 shots - (0.938), W, 4-1-0, 60:00 minutes
Filip Gustavsson (CHI), 27 saves from 33 shots - (0.818), L, 2-3-0, 60:00 minutes

Players Stats for Edmonton Oilers

Player Name              G  A  P  +/- PIM S  H  SB GA TA FO     MP     PP MP  PK MP  
------------------------------------------------------------------------------------
Adrian Kempe             0  1  1   1  4   7  0  0  0  1  3/5    24:27   1:59   4:59 
Boone Jenner             0  1  1   2  0   0  1  0  0  0  3/12   10:56   0:00   0:00 
Brandon Carlo            0  0  0   0  0   1  0  1  0  1  0/0    22:42   1:53   6:20 
Brock Boeser             0  2  2   2  0   2  3  0  1  1  2/7    21:10   1:59   5:41 
Connor McMichael         2  0  2   2  2   4  0  0  0  0  5/16   16:44   1:59   0:29 
David Savard             0  0  0   4  2   1  1  1  0  1  0/0    22:42   2:05   5:46 
Dawson Mercer            1  1  2   2  0   2  1  0  0  0  0/0    13:30   0:00   2:08 
Derek Ryan               0  0  0   0  0   0  0  0  0  0  0/0     0:32   0:00   0:00 
Dylan Holloway           1  2  3   2  0   3  1  1  0  2  0/0    10:52   0:00   0:00 
Evan Bouchard            1  0  1   4  2   3  0  2  0  0  0/0    22:42   2:05   6:01 
Jacob Trouba             0  0  0   0  2   0  0  2  0  4  0/0    22:15   1:53   5:54 
Jake DeBrusk             0  0  0   2  0   1  2  0  1  0  1/1    20:53   1:59   5:41 
Kirill Marchenko         0  1  1   1  0   6  1  0  0  0  0/0    20:36   1:59   6:46 
Morgan Barron            0  0  0   0  0   1  1  0  0  0  1/2     8:00   0:00   0:50 
Ryan McLeod              1  0  1   1  0   2  0  1  0  0  12/27  13:22   1:59   0:00 
Scott Mayfield           0  0  0   1  2   0  1  2  0  1  0/0    15:22   0:00   1:38 
Tanner Jeannot           0  0  0   0  0   0  1  0  1  0  0/0     5:17   0:00   0:00 
Troy Stecher             0  1  1   1  0   0  1  3  0  0  0/0    14:34   0:00   0:55 

Players Stats for Chicago Black Hawks

Player Name              G  A  P  +/- PIM S  H  SB GA TA FO     MP     PP MP  PK MP  
------------------------------------------------------------------------------------
Barrett Hayton           0  1  1  -2  0   3  2  0  1  0  12/21  20:38   6:35   1:47 
Bobby Brink              0  0  0  -2  0   0  1  0  0  1  0/0     7:17   0:00   0:00 
Brent Burns              0  0  0  -2  2   2  2  2  0  1  0/0    24:38   6:18   0:45 
Brett Howden             0  0  0  -2  0   1  1  0  0  0  1/3     7:28   0:00   0:11 
Christopher Tanev        0  0  0  -2  0   0  1  0  0  0  0/0    22:23   6:46   2:28 
Eeli Tolvanen            0  0  0  -1  0   0  1  0  1  0  0/0    11:49   0:11   0:00 
Justin Faulk             0  0  0  -1  0   1  1  1  0  0  0/0    22:26   6:46   2:12 
Kevin Fiala              0  0  0  -1  0   2  3  0  2  0  0/0    20:03   6:31   1:58 
Leo Carlsson             1  0  1   0  0   4  2  0  1  0  18/30  20:05   6:31   2:00 
Lucas Raymond            0  1  1   0  0   5  1  1  1  0  1/2    20:05   6:31   2:00 
Matthew Beniers          0  0  0  -1  0   3  1  2  0  0  9/11   11:49   0:11   0:00 
Noah Dobson              0  0  0  -1  0   0  0  0  0  0  0/0    12:40   0:13   0:17 
Oliver Bjorkstrand       1  0  1  -2  0   1  2  0  1  0  0/0    18:41   6:35   0:00 
Ryan Lindgren            0  0  0  -2  0   1  1  1  0  0  0/0    13:12   0:00   1:13 
Shane Wright             0  0  0  -1  0   4  1  0  1  1  0/1    11:49   0:11   0:00 
Trevor Lewis             0  0  0  -2  0   0  1  0  0  0  0/0     7:17   0:00   0:00 
Trevor Zegras            0  1  1  -2  0   3  2  0  0  0  2/2    18:41   6:35   0:00 
Zachary Werenski         0  0  0  -1  2   2  0  2  3  0  0/0    24:59   6:31   1:01 

3 Stars

1 - Dylan Holloway (EDM)
2 - Dawson Mercer (EDM)
3 - Connor McMichael (EDM)

Power Play

Edmonton Oilers - 0 on 2 Attempt(s) - 0.00%
Chicago Black Hawks - 1 on 7 Attempt(s) - 14.29%

Penalty Kill

Edmonton Oilers - 6 on 7 Attempt(s) - 85.71% - Score 0 goal in Penalty Kill
Chicago Black Hawks - 2 on 2 Attempt(s) - 100.00% - Score 0 goal in Penalty Kill

Team Stat

Edmonton Oilers - Hits : 14 - Faceoff Wins : 27 - Blocked Shots : 13 - Penalty Minutes : 14
Chicago Black Hawks - Hits : 23 - Faceoff Wins : 43 - Blocked Shots : 9 - Penalty Minutes : 4

Official

Referees : Dan O'Rourke and Ian Walsh
Linesman : Devin Berg and Julien Fournier

Game Notes

No Game Note

Finance

Level 1 -- Attendance: 4200 (70.00%) -- Ticket Income $420,000
Level 2 -- Attendance: 3975 (79.50%) -- Ticket Income $238,500
Level 3 -- Attendance: 3000 (100.00%) -- Ticket Income $105,000
Level 4 -- Attendance: 3644 (72.88%) -- Ticket Income $91,100
Luxury Box -- Attendance: 729 (72.90%) -- Ticket Income $145,800
Game was played at the United Center.
Total Attendance: 15548 (77.74%)
Total Ticket Income: $1,000,400
Other Income: $350,140
Total Income: $1,350,540

Edmonton Oilers

5 vs 5 Forward 
   Center                   Left Wing                Right Wing               Time % Phy DF OF 
 1 Ryan McLeod              Adrian Kempe             Kirill Marchenko         30     1   2  2  
 2 Connor McMichael         Jake DeBrusk             Brock Boeser             30     1   2  2  
 3 Boone Jenner             Dylan Holloway           Dawson Mercer            25     1   2  2  
 4 Morgan Barron            Tanner Jeannot           Adrian Kempe             15     1   2  2  

5 vs 5 Defense 
   Defense                  Defense                                           Time % Phy DF OF 
 1 Jacob Trouba             Brandon Carlo                                     35     1   2  2  
 2 David Savard             Evan Bouchard                                     35     1   2  2  
 3 Troy Stecher             Scott Mayfield                                    30     1   2  2  
 4 Troy Stecher             Jacob Trouba                                      0      1   2  2  

PowerPlay Forward 
   Center                   Left Wing                Right Wing               Time % Phy DF OF 
 1 Ryan McLeod              Adrian Kempe             Kirill Marchenko         50     1   2  2  
 2 Connor McMichael         Jake DeBrusk             Brock Boeser             50     1   2  2  

PowerPlay Defense
   Defense                  Defense                                           Time % Phy DF OF 
 1 Jacob Trouba             Brandon Carlo                                     50     1   2  2  
 2 David Savard             Evan Bouchard                                     50     1   2  2  

Penalty Kill 4 Players Forward 
   Center                   Wing                     Time % Phy DF OF 
 1 Adrian Kempe             Kirill Marchenko         50     1   2  2  
 2 Brock Boeser             Jake DeBrusk             50     1   2  2  

Penalty Kill 4 Players Defense
   Defense                  Defense                  Time % Phy DF OF 
 1 Jacob Trouba             Brandon Carlo            50     1   2  2  
 2 David Savard             Evan Bouchard            50     1   2  2  

Penalty Kill - 3 Players Forward 
   Forward                                           Time % Phy DF OF 
 1 Adrian Kempe                                      50     1   2  2  
 2 Kirill Marchenko                                  50     1   2  2  

Penalty Kill - 3 Players Defense
   Defense                  Defense                  Time % Phy DF OF 
 1 Jacob Trouba             Brandon Carlo            50     1   2  2  
 2 David Savard             Evan Bouchard            50     1   2  2  

4 vs 4 Forward 
   Center                   Wing                     Time % Phy DF OF 
 1 Adrian Kempe             Kirill Marchenko         50     1   2  2  
 2 Brock Boeser             Jake DeBrusk             50     1   2  2  

4 vs 4 Defense
   Defense                  Defense                  Time % Phy DF OF 
 1 Jacob Trouba             Brandon Carlo            50     1   2  2  
 2 David Savard             Evan Bouchard            50     1   2  2  

Last Minutes Offensive
   Center                   Left Wing                Right Wing               Defense                  Defense                  
   Ryan McLeod              Adrian Kempe             Kirill Marchenko         Jacob Trouba             Brandon Carlo            

Last Minutes Defensive
   Center                   Left Wing                Right Wing               Defense                  Defense                  
   Ryan McLeod              Adrian Kempe             Kirill Marchenko         Jacob Trouba             Brandon Carlo            

Goaltenders
Starting : Karel Vejmelka           
Backup : Juuse Saros              

Extra Forwards
Normal : Dylan Holloway, Boone Jenner, Dawson Mercer - PP : Dylan Holloway, Boone Jenner - PK : Dawson Mercer
Extra Defensemen
Normal : Jacob Trouba, Scott Mayfield, Troy Stecher - PP : Jacob Trouba - PK : Scott Mayfield, Troy Stecher
Penalty Shots
Adrian Kempe, Kirill Marchenko, Brock Boeser, Jake DeBrusk, Ryan McLeod

Scratches
Luke Hughes (Healthy), Brett Pesce (Healthy), Xavier Bourgault (Healthy), Jonathan Quick (Healthy)

Chicago Black Hawks

5 vs 5 Forward 
   Center                   Left Wing                Right Wing               Time % Phy DF OF 
 1 Leo Carlsson             Lucas Raymond            Kevin Fiala              30     1   2  2  
 2 Barrett Hayton           Trevor Zegras            Oliver Bjorkstrand       30     1   2  2  
 3 Matthew Beniers          Shane Wright             Eeli Tolvanen            25     1   2  2  
 4 Brett Howden             Trevor Lewis             Bobby Brink              15     1   2  2  

5 vs 5 Defense 
   Defense                  Defense                                           Time % Phy DF OF 
 1 Zachary Werenski         Brent Burns                                       30     1   2  2  
 2 Justin Faulk             Christopher Tanev                                 30     1   2  2  
 3 Noah Dobson              Ryan Lindgren                                     25     1   2  2  
 4 Zachary Werenski         Brent Burns                                       15     1   2  2  

PowerPlay Forward 
   Center                   Left Wing                Right Wing               Time % Phy DF OF 
 1 Leo Carlsson             Lucas Raymond            Kevin Fiala              50     1   2  2  
 2 Barrett Hayton           Trevor Zegras            Oliver Bjorkstrand       50     1   2  2  

PowerPlay Defense
   Defense                  Defense                                           Time % Phy DF OF 
 1 Zachary Werenski         Brent Burns                                       50     1   2  2  
 2 Justin Faulk             Christopher Tanev                                 50     1   2  2  

Penalty Kill 4 Players Forward 
   Center                   Wing                     Time % Phy DF OF 
 1 Leo Carlsson             Lucas Raymond            50     1   2  2  
 2 Kevin Fiala              Barrett Hayton           50     1   2  2  

Penalty Kill 4 Players Defense
   Defense                  Defense                  Time % Phy DF OF 
 1 Zachary Werenski         Brent Burns              50     1   2  2  
 2 Justin Faulk             Christopher Tanev        50     1   2  2  

Penalty Kill - 3 Players Forward 
   Forward                                           Time % Phy DF OF 
 1 Leo Carlsson                                      50     1   2  2  
 2 Lucas Raymond                                     50     1   2  2  

Penalty Kill - 3 Players Defense
   Defense                  Defense                  Time % Phy DF OF 
 1 Zachary Werenski         Brent Burns              50     1   2  2  
 2 Justin Faulk             Christopher Tanev        50     1   2  2  

4 vs 4 Forward 
   Center                   Wing                     Time % Phy DF OF 
 1 Leo Carlsson             Lucas Raymond            50     1   2  2  
 2 Kevin Fiala              Barrett Hayton           50     1   2  2  

4 vs 4 Defense
   Defense                  Defense                  Time % Phy DF OF 
 1 Zachary Werenski         Brent Burns              50     1   2  2  
 2 Justin Faulk             Christopher Tanev        50     1   2  2  

Last Minutes Offensive
   Center                   Left Wing                Right Wing               Defense                  Defense                  
   Leo Carlsson             Lucas Raymond            Kevin Fiala              Zachary Werenski         Brent Burns              

Last Minutes Defensive
   Center                   Left Wing                Right Wing               Defense                  Defense                  
   Leo Carlsson             Lucas Raymond            Kevin Fiala              Zachary Werenski         Brent Burns              

Goaltenders
Starting : Filip Gustavsson         
Backup : Jesper Wallstedt         

Extra Forwards
Normal : Matthew Beniers, Shane Wright, Brett Howden - PP : Matthew Beniers, Shane Wright - PK : Brett Howden
Extra Defensemen
Normal : Noah Dobson, Ryan Lindgren, Justin Faulk - PP : Noah Dobson - PK : Ryan Lindgren, Justin Faulk
Penalty Shots
Leo Carlsson, Lucas Raymond, Kevin Fiala, Barrett Hayton, Oliver Bjorkstrand

Scratches
Simon Nemec (Healthy), Ryan Suzuki (Healthy)

% Time on Ice - Edmonton Oilers

Lines # - Real PCT - Wanted PCT - Time Play
Normal Forward
1 - 32% - 30% - 13:44
2 - 31% - 30% - 13:05
3 - 25% - 25% - 10:39
4 - 12% - 15% - 5:17
Normal Defense
1 - 34% - 35% - 14:29
2 - 35% - 35% - 15:02
3 - 31% - 30% - 13:14
4 - 0% - 0% - 0:00
PP Forward
1 - 50% - 50% - 1:59
2 - 50% - 50% - 1:59
PP Defense
1 - 47% - 50% - 1:53
2 - 53% - 50% - 2:05
PK Forward
1 - 55% - 50% - 7:15
2 - 45% - 50% - 6:02
PK Defense
1 - 48% - 50% - 6:20
2 - 52% - 50% - 6:57
PK3 Forward
1 - 0% - 50%
2 - 0% - 50%
PK3 Defense
1 - 0% - 50%
2 - 0% - 50%
44 Forward
1 - 0% - 50%
2 - 0% - 50%
44 Defense
1 - 0% - 50%
2 - 0% - 50%
Last Minute Offensive  - 0:00
Last Minute Defensive  - 0:00
Total
Forward - 60:00
Defense - 60:00

% Time on Ice - Chicago Black Hawks

Lines # - Real PCT - Wanted PCT - Time Play
Normal Forward
1 - 28% - 30% - 12:06
2 - 29% - 30% - 12:16
3 - 26% - 25% - 11:06
4 - 17% - 15% - 7:17
Normal Defense
1 - 32% - 30% - 13:51
2 - 30% - 30% - 12:38
3 - 28% - 25% - 11:59
4 - 10% - 15% - 4:17
PP Forward
1 - 50% - 50% - 6:42
2 - 50% - 50% - 6:35
PP Defense
1 - 49% - 50% - 6:31
2 - 51% - 50% - 6:46
PK Forward
1 - 50% - 50% - 2:00
2 - 50% - 50% - 1:58
PK Defense
1 - 52% - 50% - 2:03
2 - 48% - 50% - 1:55
PK3 Forward
1 - 0% - 50%
2 - 0% - 50%
PK3 Defense
1 - 0% - 50%
2 - 0% - 50%
44 Forward
1 - 0% - 50%
2 - 0% - 50%
44 Defense
1 - 0% - 50%
2 - 0% - 50%
Last Minute Offensive  - 0:00
Last Minute Defensive  - 0:00
Total
Forward - 60:00
Defense - 60:00

Play-by-Play

1st period


0:01 of 1st period - Ryan McLeod wins face-off versus Leo Carlsson in neutral zone.
0:26 of 1st period - Jacob Trouba is hit by Oliver Bjorkstrand and loses puck.
0:41 of 1st period - Minor Penalty to Zachary Werenski for High sticking.
0:42 of 1st period - Lucas Raymond wins face-off versus Ryan McLeod in Chicago Black Hawks zone.
1:29 of 1st period - Snap shot by Kevin Fiala.
1:29 of 1st period - Stopped by Karel Vejmelka with a rebound.
2:41 of 1st period - Penalty to Zachary Werenski is over, Zachary Werenski is back on ice.
2:50 of 1st period - Snap shot by Leo Carlsson.
2:50 of 1st period - Goal by Leo Carlsson - Edmonton Oilers : 0 - Chicago Black Hawks : 1.
2:51 of 1st period - Matthew Beniers wins face-off versus Boone Jenner in neutral zone.
3:04 of 1st period - Snap shot by Eeli Tolvanen.
3:04 of 1st period - Shot Hit the Post.
3:37 of 1st period - Off-side.
3:38 of 1st period - Leo Carlsson wins face-off versus Brock Boeser in neutral zone.
4:28 of 1st period - Snap shot by Shane Wright.
4:28 of 1st period - Stopped by Karel Vejmelka without a rebound.
4:29 of 1st period - Matthew Beniers wins face-off versus Ryan McLeod in Edmonton Oilers zone.
4:35 of 1st period - Off-side.
4:36 of 1st period - Brett Howden wins face-off versus Connor McMichael in neutral zone.
4:43 of 1st period - Slapshot by Jake DeBrusk.
4:43 of 1st period - Stopped by Filip Gustavsson without a rebound.
4:44 of 1st period - Connor McMichael wins face-off versus Brett Howden in Chicago Black Hawks zone.
4:49 of 1st period - Wrist shot by Connor McMichael.
4:49 of 1st period - Stopped by Filip Gustavsson with a rebound.
5:57 of 1st period - Wrist shot by Connor McMichael.
5:57 of 1st period - Goal by Connor McMichael - Edmonton Oilers : 1 - Chicago Black Hawks : 1.
5:58 of 1st period - Ryan McLeod wins face-off versus Barrett Hayton in neutral zone.
6:07 of 1st period - Snap shot by Barrett Hayton.
6:07 of 1st period - Shot Blocked by David Savard.
6:09 of 1st period - Slapshot by Barrett Hayton.
6:09 of 1st period - Deflect By Oliver Bjorkstrand.
6:09 of 1st period - Shot Misses the Net.
6:09 of 1st period - Puck is out of play.
6:10 of 1st period - Matthew Beniers wins face-off versus Ryan McLeod in Edmonton Oilers zone.
6:15 of 1st period - Backhand shot by Matthew Beniers.
6:15 of 1st period - Deflect By Kirill Marchenko.
6:15 of 1st period - Shot Misses the Net.
6:15 of 1st period - Puck is out of play.
6:16 of 1st period - Matthew Beniers wins face-off versus Ryan McLeod in Edmonton Oilers zone.
6:21 of 1st period - Wrist shot by Shane Wright.
6:21 of 1st period - Stopped by Karel Vejmelka with a rebound.
6:26 of 1st period - Off-side.
6:27 of 1st period - Connor McMichael wins face-off versus Barrett Hayton in neutral zone.
6:36 of 1st period - Wrist shot by Brock Boeser.
6:36 of 1st period - Shot Blocked by Brent Burns.
7:05 of 1st period - Wrist shot by Kirill Marchenko.
7:05 of 1st period - Stopped by Filip Gustavsson without a rebound.
7:06 of 1st period - Leo Carlsson wins face-off versus Boone Jenner in Chicago Black Hawks zone.
7:06 of 1st period - Leo Carlsson is hit by David Savard.
7:12 of 1st period - Wrist shot by Leo Carlsson.
7:12 of 1st period - Stopped by Karel Vejmelka without a rebound.
7:13 of 1st period - Leo Carlsson wins face-off versus Boone Jenner in Edmonton Oilers zone.
7:14 of 1st period - Snap shot by Kevin Fiala.
7:14 of 1st period - Stopped by Karel Vejmelka without a rebound.
7:15 of 1st period - Leo Carlsson wins face-off versus Boone Jenner in Edmonton Oilers zone.
7:18 of 1st period - Slapshot by Leo Carlsson.
7:18 of 1st period - Stopped by Karel Vejmelka without a rebound.
7:19 of 1st period - Morgan Barron wins face-off versus Barrett Hayton in Edmonton Oilers zone.
7:19 of 1st period - Morgan Barron is hit by Christopher Tanev.
8:01 of 1st period - Icing by Evan Bouchard.
8:02 of 1st period - Leo Carlsson wins face-off versus Connor McMichael in Edmonton Oilers zone.
8:38 of 1st period - Snap shot by Adrian Kempe.
8:38 of 1st period - Stopped by Filip Gustavsson with a rebound.
8:40 of 1st period - Snap shot by Ryan McLeod.
8:40 of 1st period - Goal by Ryan McLeod - Edmonton Oilers : 2 - Chicago Black Hawks : 1.
8:41 of 1st period - Matthew Beniers wins face-off versus Boone Jenner in neutral zone.
9:06 of 1st period - Adrian Kempe is hit by Kevin Fiala.
10:31 of 1st period - Snap shot by Brock Boeser.
10:31 of 1st period - Deflect By Jake DeBrusk.
10:31 of 1st period - Shot Blocked by Brent Burns.
10:31 of 1st period - Puck is out of play.
10:32 of 1st period - Boone Jenner wins face-off versus Barrett Hayton in Chicago Black Hawks zone.
10:33 of 1st period - Slapshot by Dylan Holloway.
10:33 of 1st period - Stopped by Filip Gustavsson without a rebound.
10:34 of 1st period - Barrett Hayton wins face-off versus Boone Jenner in Chicago Black Hawks zone.
10:39 of 1st period - Slapshot by Zachary Werenski.
10:39 of 1st period - Stopped by Karel Vejmelka with a rebound.
11:14 of 1st period - Kirill Marchenko is hit by Ryan Lindgren and loses puck.
11:25 of 1st period - Connor McMichael is hit by Eeli Tolvanen and loses puck.
11:44 of 1st period - Jacob Trouba is hit by Trevor Zegras and loses puck.
12:07 of 1st period - Ryan Lindgren is hit by Dylan Holloway and loses puck.
12:27 of 1st period - Slapshot by Brett Howden.
12:27 of 1st period - Stopped by Karel Vejmelka without a rebound.
12:28 of 1st period - Adrian Kempe wins face-off versus Leo Carlsson in Edmonton Oilers zone.
13:39 of 1st period - Wrist shot by Brett Howden.
13:39 of 1st period - Shot Misses the Net.
13:45 of 1st period - Snap shot by Bobby Brink.
13:45 of 1st period - Shot Misses the Net.
13:47 of 1st period - Snap shot by Justin Faulk.
13:47 of 1st period - Stopped by Karel Vejmelka without a rebound.
13:48 of 1st period - Matthew Beniers wins face-off versus Boone Jenner in Edmonton Oilers zone.
14:39 of 1st period - Barrett Hayton is hit by Kirill Marchenko.
15:01 of 1st period - Slapshot by Adrian Kempe.
15:01 of 1st period - Stopped by Filip Gustavsson with a rebound.
15:03 of 1st period - Slapshot by Evan Bouchard.
15:03 of 1st period - Shot Misses the Net.
15:05 of 1st period - Slapshot by Dawson Mercer.
15:05 of 1st period - Stopped by Filip Gustavsson with a rebound.
15:07 of 1st period - Wrist shot by Dylan Holloway.
15:07 of 1st period - Shot Misses the Net.
15:09 of 1st period - Slapshot by Evan Bouchard.
15:09 of 1st period - Goal by Evan Bouchard - Edmonton Oilers : 3 - Chicago Black Hawks : 1.
15:10 of 1st period - Ryan McLeod wins face-off versus Shane Wright in neutral zone.
15:25 of 1st period - Backhand shot by Kirill Marchenko.
15:25 of 1st period - Shot Misses the Net.
15:35 of 1st period - Dawson Mercer is hit by Barrett Hayton and loses puck.
16:13 of 1st period - Wrist shot by Dylan Holloway.
16:13 of 1st period - Shot Misses the Net.
16:15 of 1st period - Wrist shot by Dylan Holloway.
16:15 of 1st period - Deflect By Dawson Mercer.
16:15 of 1st period - Shot Misses the Net.
16:15 of 1st period - Puck is out of play.
16:16 of 1st period - Ryan McLeod wins face-off versus Matthew Beniers in Chicago Black Hawks zone.
16:45 of 1st period - Off-side.
16:46 of 1st period - Barrett Hayton wins face-off versus Connor McMichael in neutral zone.
17:06 of 1st period - Wrist shot by Brock Boeser.
17:06 of 1st period - Shot Misses the Net.
17:10 of 1st period - Slapshot by Brock Boeser.
17:10 of 1st period - Stopped by Filip Gustavsson with a rebound.
17:22 of 1st period - Slapshot by Oliver Bjorkstrand.
17:22 of 1st period - Shot Misses the Net.
17:24 of 1st period - Snap shot by Ryan Lindgren.
17:24 of 1st period - Shot Blocked by Scott Mayfield.
17:38 of 1st period - Wrist shot by Trevor Zegras.
17:38 of 1st period - Shot Blocked by Troy Stecher.
17:40 of 1st period - Slapshot by Barrett Hayton.
17:40 of 1st period - Stopped by Karel Vejmelka with a rebound.
17:42 of 1st period - Slapshot by Noah Dobson.
17:42 of 1st period - Shot Blocked by Troy Stecher.
17:47 of 1st period - Minor Penalty to Scott Mayfield for Tripping.
17:48 of 1st period - Adrian Kempe wins face-off versus Leo Carlsson in Edmonton Oilers zone.
18:06 of 1st period - Adrian Kempe is hit by Lucas Raymond.
18:24 of 1st period - Wrist shot by Lucas Raymond.
18:24 of 1st period - Stopped by Karel Vejmelka without a rebound.
18:25 of 1st period - Adrian Kempe wins face-off versus Barrett Hayton in Edmonton Oilers zone.
19:47 of 1st period - Penalty to Scott Mayfield is over, Scott Mayfield is back on ice.
Goals for this period are 3 for Edmonton Oilers vs 1 for Chicago Black Hawks.
Shots for this period are 11 for Edmonton Oilers vs 12 for Chicago Black Hawks.

2nd period


0:01 of 2nd period - Ryan McLeod wins face-off versus Leo Carlsson in neutral zone.
0:08 of 2nd period - Snap shot by Kirill Marchenko.
0:08 of 2nd period - Shot Misses the Net.
0:10 of 2nd period - Backhand shot by Ryan McLeod.
0:10 of 2nd period - Shot Misses the Net.
0:12 of 2nd period - Wrist shot by Adrian Kempe.
0:12 of 2nd period - Stopped by Filip Gustavsson with a rebound.
0:14 of 2nd period - Wrist shot by Kirill Marchenko.
0:14 of 2nd period - Stopped by Filip Gustavsson with a rebound.
0:16 of 2nd period - Slapshot by Brandon Carlo.
0:16 of 2nd period - Shot Blocked by Lucas Raymond.
0:31 of 2nd period - Slapshot by Shane Wright.
0:31 of 2nd period - Shot Hit the Post.
0:36 of 2nd period - Minor Penalty to Brent Burns for Hooking.
0:37 of 2nd period - Leo Carlsson wins face-off versus Connor McMichael in Chicago Black Hawks zone.
1:07 of 2nd period - Slapshot by Jake DeBrusk.
1:07 of 2nd period - Deflect By Kirill Marchenko.
1:07 of 2nd period - Stopped by Filip Gustavsson with a rebound.
1:17 of 2nd period - Slapshot by Kirill Marchenko.
1:17 of 2nd period - Stopped by Filip Gustavsson without a rebound.
1:18 of 2nd period - Barrett Hayton wins face-off versus Ryan McLeod in Chicago Black Hawks zone.
2:15 of 2nd period - Icing by Evan Bouchard.
2:16 of 2nd period - Ryan McLeod wins face-off versus Leo Carlsson in Edmonton Oilers zone.
2:36 of 2nd period - Penalty to Brent Burns is over, Brent Burns is back on ice.
3:39 of 2nd period - Snap shot by Morgan Barron.
3:39 of 2nd period - Shot Misses the Net.
4:13 of 2nd period - Snap shot by Adrian Kempe.
4:13 of 2nd period - Stopped by Filip Gustavsson without a rebound.
4:14 of 2nd period - Connor McMichael wins face-off versus Matthew Beniers in Chicago Black Hawks zone.
4:19 of 2nd period - Wrist shot by Brock Boeser.
4:19 of 2nd period - Shot Blocked by Ryan Lindgren.
4:21 of 2nd period - Slapshot by Connor McMichael.
4:21 of 2nd period - Stopped by Filip Gustavsson with a rebound.
4:23 of 2nd period - Slapshot by David Savard.
4:23 of 2nd period - Stopped by Filip Gustavsson without a rebound.
4:24 of 2nd period - Matthew Beniers wins face-off versus Connor McMichael in Chicago Black Hawks zone.
4:39 of 2nd period - Snap shot by Brock Boeser.
4:39 of 2nd period - Stopped by Filip Gustavsson with a rebound.
4:41 of 2nd period - Snap shot by Connor McMichael.
4:41 of 2nd period - Goal by Connor McMichael - Edmonton Oilers : 4 - Chicago Black Hawks : 1.
4:42 of 2nd period - Ryan McLeod wins face-off versus Leo Carlsson in neutral zone.
4:45 of 2nd period - Wrist shot by Adrian Kempe.
4:45 of 2nd period - Stopped by Filip Gustavsson with a rebound.
4:57 of 2nd period - Kirill Marchenko is hit by Leo Carlsson and loses puck.
5:08 of 2nd period - Barrett Hayton is hit by Scott Mayfield and loses puck.
5:35 of 2nd period - Snap shot by Dawson Mercer.
5:35 of 2nd period - Shot Blocked by Justin Faulk.
5:37 of 2nd period - Backhand shot by Dylan Holloway.
5:37 of 2nd period - Shot Blocked by Matthew Beniers.
5:39 of 2nd period - Snap shot by Dawson Mercer.
5:39 of 2nd period - Shot Misses the Net.
6:19 of 2nd period - Snap shot by Lucas Raymond.
6:19 of 2nd period - Stopped by Karel Vejmelka with a rebound.
6:21 of 2nd period - Slapshot by Lucas Raymond.
6:21 of 2nd period - Shot Blocked by Evan Bouchard.
6:33 of 2nd period - Snap shot by Trevor Zegras.
6:33 of 2nd period - Shot Misses the Net.
6:35 of 2nd period - Slapshot by Trevor Zegras.
6:35 of 2nd period - Shot Blocked by Evan Bouchard.
6:37 of 2nd period - Slapshot by Brent Burns.
6:37 of 2nd period - Stopped by Karel Vejmelka without a rebound.
6:38 of 2nd period - Barrett Hayton wins face-off versus Connor McMichael in Edmonton Oilers zone.
7:33 of 2nd period - Snap shot by Adrian Kempe.
7:33 of 2nd period - Shot Misses the Net.
8:10 of 2nd period - Minor Penalty to Connor McMichael for Holding.
8:11 of 2nd period - Barrett Hayton wins face-off versus Brock Boeser in Edmonton Oilers zone.
9:30 of 2nd period - Icing by Trevor Zegras.
9:31 of 2nd period - Leo Carlsson wins face-off versus Adrian Kempe in Chicago Black Hawks zone.
9:46 of 2nd period - Barrett Hayton is hit by Jake DeBrusk and loses puck.
10:10 of 2nd period - Penalty to Connor McMichael is over, Connor McMichael is back on ice.
10:13 of 2nd period - Justin Faulk is hit by Jake DeBrusk and loses puck.
10:26 of 2nd period - Wrist shot by Shane Wright.
10:26 of 2nd period - Shot Blocked by Brandon Carlo.
10:28 of 2nd period - Wrist shot by Noah Dobson.
10:28 of 2nd period - Shot Blocked by Jacob Trouba.
10:30 of 2nd period - Slapshot by Matthew Beniers.
10:30 of 2nd period - Shot Blocked by Dylan Holloway.
10:34 of 2nd period - Wrist shot by Matthew Beniers.
10:34 of 2nd period - Stopped by Karel Vejmelka with a rebound.
10:36 of 2nd period - Snap shot by Ryan Lindgren.
10:36 of 2nd period - Shot Blocked by Jacob Trouba.
10:46 of 2nd period - Morgan Barron is hit by Trevor Lewis and loses puck.
11:15 of 2nd period - Minor Penalty to Adrian Kempe for Cross-checking.
11:16 of 2nd period - Brock Boeser wins face-off versus Barrett Hayton in Edmonton Oilers zone.
11:25 of 2nd period - Wrist shot by Oliver Bjorkstrand.
11:25 of 2nd period - Shot Misses the Net.
11:41 of 2nd period - Jake DeBrusk is hit by Leo Carlsson.
12:23 of 2nd period - Lucas Raymond is hit by Brock Boeser and loses puck.
12:54 of 2nd period - Brent Burns is hit by Brock Boeser and loses puck.
13:01 of 2nd period - Brock Boeser is hit by Barrett Hayton and loses puck.
13:15 of 2nd period - Penalty to Adrian Kempe is over, Adrian Kempe is back on ice.
13:20 of 2nd period - Dawson Mercer is hit by Kevin Fiala and loses puck.
13:39 of 2nd period - Snap shot by Adrian Kempe.
13:39 of 2nd period - Stopped by Filip Gustavsson without a rebound.
13:40 of 2nd period - Connor McMichael wins face-off versus Brett Howden in Chicago Black Hawks zone.
13:52 of 2nd period - Jake DeBrusk is hit by Brett Howden and loses puck.
14:06 of 2nd period - Icing by Adrian Kempe.
14:07 of 2nd period - Matthew Beniers wins face-off versus Morgan Barron in Edmonton Oilers zone.
14:12 of 2nd period - Snap shot by Shane Wright.
14:12 of 2nd period - Stopped by Karel Vejmelka with a rebound.
14:14 of 2nd period - Snap shot by Matthew Beniers.
14:14 of 2nd period - Shot Misses the Net.
14:16 of 2nd period - Slapshot by Justin Faulk.
14:16 of 2nd period - Shot Blocked by Troy Stecher.
14:18 of 2nd period - Slapshot by Christopher Tanev.
14:18 of 2nd period - Shot Misses the Net.
14:20 of 2nd period - Slapshot by Justin Faulk.
14:20 of 2nd period - Shot Misses the Net.
14:34 of 2nd period - Shane Wright is hit by Brock Boeser and loses puck.
14:57 of 2nd period - Snap shot by Shane Wright.
14:57 of 2nd period - Stopped by Karel Vejmelka without a rebound.
14:58 of 2nd period - Boone Jenner wins face-off versus Leo Carlsson in Edmonton Oilers zone.
15:00 of 2nd period - Minor Penalty to Jacob Trouba for Tripping.
15:01 of 2nd period - Barrett Hayton wins face-off versus Brock Boeser in Edmonton Oilers zone.
15:36 of 2nd period - Wrist shot by Leo Carlsson.
15:36 of 2nd period - Stopped by Karel Vejmelka without a rebound.
15:37 of 2nd period - Jake DeBrusk wins face-off versus Barrett Hayton in Edmonton Oilers zone.
15:45 of 2nd period - Icing by Oliver Bjorkstrand.
15:46 of 2nd period - Barrett Hayton wins face-off versus Adrian Kempe in Chicago Black Hawks zone.
15:57 of 2nd period - Snap shot by David Savard.
15:57 of 2nd period - Shot Misses the Net.
16:23 of 2nd period - Snap shot by Oliver Bjorkstrand.
16:23 of 2nd period - Goal by Oliver Bjorkstrand - Edmonton Oilers : 4 - Chicago Black Hawks : 2.
16:24 of 2nd period - Leo Carlsson wins face-off versus Connor McMichael in neutral zone.
16:32 of 2nd period - Wrist shot by Lucas Raymond.
16:32 of 2nd period - Stopped by Karel Vejmelka with a rebound.
16:34 of 2nd period - Slapshot by Brent Burns.
16:34 of 2nd period - Stopped by Karel Vejmelka without a rebound.
16:35 of 2nd period - Ryan McLeod wins face-off versus Leo Carlsson in Edmonton Oilers zone.
16:43 of 2nd period - Minor Penalty to David Savard for Cross-checking.
16:44 of 2nd period - Brock Boeser wins face-off versus Leo Carlsson in Edmonton Oilers zone.
17:13 of 2nd period - Snap shot by Trevor Zegras.
17:13 of 2nd period - Shot Misses the Net.
18:12 of 2nd period - Evan Bouchard is hit by Kevin Fiala and loses puck.
18:43 of 2nd period - Penalty to David Savard is over, David Savard is back on ice.
18:46 of 2nd period - David Savard is hit by Shane Wright and loses puck.
19:41 of 2nd period - Lucas Raymond is hit by Tanner Jeannot and loses puck.
19:54 of 2nd period - David Savard is hit by Bobby Brink and loses puck.
Goals for this period are 1 for Edmonton Oilers vs 1 for Chicago Black Hawks.
Shots for this period are 11 for Edmonton Oilers vs 9 for Chicago Black Hawks.

3rd period


0:01 of 3rd period - Trevor Zegras wins face-off versus Ryan McLeod in neutral zone.
0:10 of 3rd period - Evan Bouchard is hit by Oliver Bjorkstrand and loses puck.
0:51 of 3rd period - Christopher Tanev is hit by Dawson Mercer and loses puck.
0:56 of 3rd period - Wrist shot by Dylan Holloway.
0:56 of 3rd period - Stopped by Filip Gustavsson with a rebound.
1:50 of 3rd period - Off-side.
1:51 of 3rd period - Leo Carlsson wins face-off versus Ryan McLeod in neutral zone.
1:58 of 3rd period - Slapshot by Leo Carlsson.
1:58 of 3rd period - Shot Misses the Net.
2:00 of 3rd period - Wrist shot by Zachary Werenski.
2:00 of 3rd period - Stopped by Karel Vejmelka without a rebound.
2:01 of 3rd period - Barrett Hayton wins face-off versus Ryan McLeod in Edmonton Oilers zone.
2:02 of 3rd period - Snap shot by Trevor Zegras.
2:02 of 3rd period - Stopped by Karel Vejmelka with a rebound.
2:04 of 3rd period - Slapshot by Oliver Bjorkstrand.
2:04 of 3rd period - Shot Misses the Net.
2:06 of 3rd period - Backhand shot by Brent Burns.
2:06 of 3rd period - Shot Blocked by Ryan McLeod.
2:16 of 3rd period - Snap shot by Barrett Hayton.
2:16 of 3rd period - Deflect By Evan Bouchard.
2:16 of 3rd period - Stopped by Karel Vejmelka without a rebound.
2:17 of 3rd period - Leo Carlsson wins face-off versus Connor McMichael in Edmonton Oilers zone.
2:44 of 3rd period - Scott Mayfield is hit by Matthew Beniers and loses puck.
3:22 of 3rd period - Slapshot by Evan Bouchard.
3:22 of 3rd period - Stopped by Filip Gustavsson with a rebound.
3:24 of 3rd period - Slapshot by Evan Bouchard.
3:24 of 3rd period - Stopped by Filip Gustavsson without a rebound.
3:25 of 3rd period - Barrett Hayton wins face-off versus Ryan McLeod in Chicago Black Hawks zone.
3:33 of 3rd period - Off-side.
3:34 of 3rd period - Ryan McLeod wins face-off versus Barrett Hayton in neutral zone.
3:41 of 3rd period - Snap shot by Adrian Kempe.
3:41 of 3rd period - Shot Misses the Net.
3:43 of 3rd period - Wrist shot by Ryan McLeod.
3:43 of 3rd period - Stopped by Filip Gustavsson with a rebound.
3:45 of 3rd period - Slapshot by Troy Stecher.
3:45 of 3rd period - Deflect By Ryan McLeod.
3:45 of 3rd period - Shot Misses the Net.
3:45 of 3rd period - Puck is out of play.
3:46 of 3rd period - Ryan McLeod wins face-off versus Leo Carlsson in Chicago Black Hawks zone.
3:47 of 3rd period - Snap shot by Kirill Marchenko.
3:47 of 3rd period - Stopped by Filip Gustavsson with a rebound.
3:49 of 3rd period - Snap shot by Kirill Marchenko.
3:49 of 3rd period - Stopped by Filip Gustavsson without a rebound.
3:50 of 3rd period - Leo Carlsson wins face-off versus Ryan McLeod in Chicago Black Hawks zone.
4:57 of 3rd period - Morgan Barron is hit by Brent Burns and loses puck.
5:16 of 3rd period - Wrist shot by Dylan Holloway.
5:16 of 3rd period - Goal by Dylan Holloway - Edmonton Oilers : 5 - Chicago Black Hawks : 2.
5:17 of 3rd period - Leo Carlsson wins face-off versus Ryan McLeod in neutral zone.
5:29 of 3rd period - Off-side.
5:30 of 3rd period - Barrett Hayton wins face-off versus Ryan McLeod in neutral zone.
5:35 of 3rd period - Snap shot by Barrett Hayton.
5:35 of 3rd period - Stopped by Karel Vejmelka without a rebound.
5:36 of 3rd period - Ryan McLeod wins face-off versus Barrett Hayton in Edmonton Oilers zone.
5:54 of 3rd period - Icing by Evan Bouchard.
5:55 of 3rd period - Leo Carlsson wins face-off versus Ryan McLeod in Edmonton Oilers zone.
6:29 of 3rd period - Slapshot by Dawson Mercer.
6:29 of 3rd period - Goal by Dawson Mercer - Edmonton Oilers : 6 - Chicago Black Hawks : 2.
6:30 of 3rd period - Leo Carlsson wins face-off versus Ryan McLeod in neutral zone.
6:55 of 3rd period - Trevor Zegras is hit by Troy Stecher and loses puck.
7:29 of 3rd period - Wrist shot by Shane Wright.
7:29 of 3rd period - Shot Misses the Net.
7:52 of 3rd period - Slapshot by Brandon Carlo.
7:52 of 3rd period - Stopped by Filip Gustavsson without a rebound.
7:53 of 3rd period - Connor McMichael wins face-off versus Lucas Raymond in Chicago Black Hawks zone.
8:03 of 3rd period - Icing by Christopher Tanev.
8:04 of 3rd period - Leo Carlsson wins face-off versus Ryan McLeod in Chicago Black Hawks zone.
8:20 of 3rd period - Wrist shot by Lucas Raymond.
8:20 of 3rd period - Stopped by Karel Vejmelka without a rebound.
8:21 of 3rd period - Trevor Zegras wins face-off versus Connor McMichael in Edmonton Oilers zone.
8:24 of 3rd period - Wrist shot by Barrett Hayton.
8:24 of 3rd period - Deflect By Trevor Zegras.
8:24 of 3rd period - Stopped by Karel Vejmelka without a rebound.
8:25 of 3rd period - Barrett Hayton wins face-off versus Connor McMichael in Edmonton Oilers zone.
8:26 of 3rd period - Snap shot by Trevor Zegras.
8:26 of 3rd period - Stopped by Karel Vejmelka with a rebound.
8:54 of 3rd period - Wrist shot by Adrian Kempe.
8:54 of 3rd period - Shot Misses the Net.
8:56 of 3rd period - Snap shot by Adrian Kempe.
8:56 of 3rd period - Stopped by Filip Gustavsson with a rebound.
8:58 of 3rd period - Snap shot by Adrian Kempe.
8:58 of 3rd period - Shot Blocked by Zachary Werenski.
9:26 of 3rd period - Wrist shot by Matthew Beniers.
9:26 of 3rd period - Stopped by Karel Vejmelka without a rebound.
9:27 of 3rd period - Barrett Hayton wins face-off versus Connor McMichael in Edmonton Oilers zone.
10:07 of 3rd period - Wrist shot by Trevor Zegras.
10:07 of 3rd period - Shot Blocked by Scott Mayfield.
10:09 of 3rd period - Snap shot by Ryan Lindgren.
10:09 of 3rd period - Stopped by Karel Vejmelka without a rebound.
10:10 of 3rd period - Ryan McLeod wins face-off versus Leo Carlsson in Edmonton Oilers zone.
10:12 of 3rd period - Minor Penalty to Adrian Kempe for Interference.
10:13 of 3rd period - Leo Carlsson wins face-off versus Brock Boeser in Edmonton Oilers zone.
11:31 of 3rd period - Dawson Mercer is hit by Justin Faulk and loses puck.
12:12 of 3rd period - Penalty to Adrian Kempe is over, Adrian Kempe is back on ice.
12:57 of 3rd period - Wrist shot by Adrian Kempe.
12:57 of 3rd period - Shot Blocked by Matthew Beniers.
14:02 of 3rd period - Wrist shot by Adrian Kempe.
14:02 of 3rd period - Shot Blocked by Zachary Werenski.
14:04 of 3rd period - Slapshot by Morgan Barron.
14:04 of 3rd period - Deflect By Bobby Brink.
14:04 of 3rd period - Stopped by Filip Gustavsson without a rebound.
14:05 of 3rd period - Leo Carlsson wins face-off versus Boone Jenner in Chicago Black Hawks zone.
14:05 of 3rd period - Leo Carlsson is hit by Boone Jenner.
14:13 of 3rd period - Backhand shot by Lucas Raymond.
14:13 of 3rd period - Stopped by Karel Vejmelka with a rebound.
15:20 of 3rd period - Icing by Evan Bouchard.
15:21 of 3rd period - Boone Jenner wins face-off versus Leo Carlsson in Edmonton Oilers zone.
17:11 of 3rd period - Minor Penalty to Evan Bouchard for Tripping.
17:12 of 3rd period - Leo Carlsson wins face-off versus Brock Boeser in Edmonton Oilers zone.
17:39 of 3rd period - Jake DeBrusk is hit by Trevor Zegras and loses puck.
18:02 of 3rd period - Kirill Marchenko is hit by Brent Burns and loses puck.
18:51 of 3rd period - Justin Faulk is hit by Morgan Barron and loses puck.
19:11 of 3rd period - Penalty to Evan Bouchard is over, Evan Bouchard is back on ice.
19:15 of 3rd period - Slapshot by Matthew Beniers.
19:15 of 3rd period - Stopped by Karel Vejmelka without a rebound.
19:16 of 3rd period - Matthew Beniers wins face-off versus Boone Jenner in Edmonton Oilers zone.
19:51 of 3rd period - Slapshot by Bobby Brink.
19:51 of 3rd period - Shot Misses the Net.
Goals for this period are 2 for Edmonton Oilers vs 0 for Chicago Black Hawks.
Shots for this period are 11 for Edmonton Oilers vs 11 for Chicago Black Hawks.